Map: Dreamcatcher LE

Players

PengWin

  • Race: Zerg Zerg
  • Spawn Location: 5:00

eonblu - Winner!

  • Race: Zerg Zerg
  • Spawn Location: 11:00

Event: WCS Montreal 2018

VOD

Have the link to the VOD?

Description

Time

  • Played on: Sept. 7, 2018, 1:29 p.m.
  • Length: 16:31

All games in this series

Show
View Real Time Build Order
Export as new Build Order

PengWin Zerg 

Build Orders: Hatch First, Muta Ling Bane 

Get SALT Encoding   

  12  0:00  Drone  
  13  0:12  Drone  
  14  0:33  Hatchery  
  13  0:37  Drone  
  13  0:40  Extractor  
  13  0:55  Spawning Pool  
  12  1:00  Drone  
  12  1:03  Drone  
  14  1:14  Overlord  
  14  1:42  Zergling x4, Queen  
  18  1:47  Metabolic Boost  
  18  1:52  Zergling x2  
  19  2:00  Zergling x2  
  21  2:08  Zergling x4  
  21  2:09  Zergling x2  
  23  2:18  Baneling Nest  
  22  2:23  Zergling x2  
  22  2:29  Zergling x2  
  24  2:34  Zergling x4  
  26  2:43  Zergling x4  
  28  2:54  Overlord  
  28  3:16  Zergling x10  
  33  3:23  Baneling x3  
  29  3:38  Drone x4  
  24  3:49  Drone x2  
  25  3:56  Drone x2  
  27  4:04  Queen  
  29  4:17  Drone x4  
  29  4:21  Overlord  
  33  4:36  Drone x2  
  33  4:37  Overlord  
  35  4:46  Baneling  
  35  4:49  Lair  
  35  4:53  Extractor  
  34  5:02  Drone  
  34  5:03  Drone x6  
  34  5:07  Extractor  
  40  5:08  Spine Crawler  
  40  5:13  Drone  
  40  5:14  Drone x2  
  42  5:16  Overlord  
  42  5:29  Drone  
  43  5:38  Drone x4  
  47  5:43  Spine Crawler x2, Extractor  
  47  5:45  Drone x3  
  47  5:53  Spire  
  46  5:57  Drone x2  
  45  6:10  Drone x3  
  45  6:11  Drone x3  
  50  6:16  Spine Crawler  
  49  6:30  Overlord  
  49  6:32  Evolution Chamber  
  49  6:37  Drone x2  
  50  6:40  Spine Crawler  
  50  6:42  Spine Crawler  
  48  6:52  Overlord x2  
  48  6:59  Zergling x6  
  48  7:00  Zergling x2  
  52  7:05  Mutalisk  
  52  7:06  Mutalisk x2  
  58  7:11  Mutalisk x3  
  58  7:15  Mutalisk x3  
  66  7:20  Zerg Melee Weapons Level 1  
  70  7:25  Zerg Flyer Weapons Level 1  
  70  7:30  Unknown  
  70  7:43  Overlord  
  70  7:45  Overseer  
  70  7:47  Hatchery, Overseer  
  69  7:54  Centrifical Hooks  
  69  8:01  Zergling x16  
  69  8:02  Zergling x4  
  69  8:05  Overlord  
  79  8:25  Hatchery  
  78  8:27  Mutalisk  
  78  8:28  Mutalisk x3  
  86  8:44  Drone  
  86  8:45  Drone x4  
  91  8:52  Overlord x3  
  91  9:08  Extractor  
  90  9:12  Mutalisk x5  
  90  9:13  Extractor  
  99  9:30  Zergling x14  
  104  9:42  Drone x5  
  114  10:01  Queen  
  114  10:03  Zergling x4  
  118  10:08  Baneling  
  118  10:09  Baneling x10  
  118  10:11  Baneling  
  118  10:13  Baneling  
  118  10:14  Baneling x17  
  110  10:17  Zergling x8  
  110  10:18  Overlord x2  
  114  10:48  Zergling x4  
  114  10:49  Zergling x16  
  95  11:01  Drone x5  
  95  11:02  Drone x2  
  95  11:04  Queen  
  100  11:19  Drone x4  
  100  11:23  Drone x2  
  100  11:25  Zerg Flyer Weapons Level 2, Zerg Melee Weapons Level 2  
  104  11:40  Drone x3  
  104  11:43  Extractor  
  106  11:54  Mutalisk x4, Hatchery  
  104  11:55  Mutalisk  
  113  12:07  Drone  
  113  12:08  Drone  
  112  12:20  Overseer  
  112  12:23  Zergling x4  
  112  12:26  Baneling x11  
  112  12:27  Baneling x3  
  112  12:46  Zergling x2  
  112  12:47  Zergling x2  
  112  12:49  Overlord  
  112  12:50  Overlord  
  112  12:51  Infestation Pit  
  113  12:52  Baneling x3  
  113  12:53  Baneling  
  107  13:05  Baneling  
  107  13:06  Baneling x3, Zergling x2  
  107  13:07  Zergling x24  
  119  13:24  Drone  
  119  13:25  Drone x9  
  117  13:38  Baneling  
  117  13:39  Baneling x20  
  117  13:41  Mutalisk  
  115  13:43  Mutalisk  
  118  13:54  Overseer  
  118  14:19  Queen  
  118  14:20  Extractor  
  119  14:25  Hatchery, Hive  
  96  15:08  Mutalisk x7  
  96  15:09  Mutalisk x6  
  88  15:41  Zergling x4  
  88  15:42  Zergling x8  
  75  16:03  Mutalisk x2  
  79  16:05  Mutalisk x2  
Show
View Real Time Build Order
Export as new Build Order

eonblu Zerg - Winner!

Build Orders: Hatch First, Roach Hydra 

Get SALT Encoding   

  12  0:00  Drone  
  13  0:12  Overlord  
  13  0:18  Drone  
  14  0:30  Drone  
  14  0:31  Drone  
  16  0:48  Hatchery  
  15  0:51  Drone  
  15  0:54  Drone  
  17  1:06  Extractor  
  17  1:10  Spawning Pool  
  15  1:13  Drone  
  15  1:17  Drone  
  17  1:20  Drone  
  18  1:29  Drone  
  19  1:39  Overlord  
  19  1:56  Queen  
  19  1:58  Zergling x2  
  19  1:59  Queen  
  19  2:00  Zergling x2  
  19  2:01  Zergling x2  
  26  2:08  Metabolic Boost  
  26  2:10  Drone  
  26  2:15  Drone  
  28  2:22  Drone x2  
  30  2:32  Drone x2  
  32  2:40  Baneling Nest  
  32  2:42  Queen  
  33  2:52  Overlord  
  33  3:02  Hatchery  
  32  3:09  Zergling x6  
  32  3:11  Zergling x2  
  32  3:12  Zergling x8  
  40  3:24  Zergling x6  
  40  3:25  Zergling x2  
  44  3:28  Baneling x2  
  44  3:31  Baneling x2  
  44  3:33  Zergling x2  
  35  3:49  Drone x3  
  35  3:52  Drone x2  
  39  3:56  Drone  
  39  3:58  Drone x2  
  42  4:04  Queen  
  44  4:10  Overlord  
  44  4:15  Extractor  
  44  4:16  Extractor  
  41  4:17  Evolution Chamber  
  40  4:32  Drone x9  
  40  4:35  Drone  
  49  4:42  Roach Warren  
  49  4:44  Zerg Missile Weapons Level 1  
  48  4:50  Drone x2  
  50  4:56  Lair  
  50  5:09  Drone  
  50  5:10  Overlord x2  
  51  5:26  Overlord x2  
  51  5:27  Queen  
  53  5:36  Roach x2  
  53  5:37  Roach  
  53  5:40  Hatchery, Roach  
  60  5:49  Drone  
  61  5:50  Roach  
  61  5:51  Roach x2  
  61  5:56  Roach x2  
  69  6:07  Glial Reconstitution  
  69  6:16  Overlord  
  69  6:17  Roach x6  
  81  6:30  Roach  
  81  6:32  Overlord x2  
  83  6:35  Overseer  
  83  6:39  Zerg Missile Weapons Level 2  
  83  6:45  Overlord  
  83  6:46  Drone x6  
  89  6:53  Roach x2  
  89  6:54  Roach  
  95  7:03  Overlord  
  95  7:04  Queen  
  95  7:06  Drone x2  
  99  7:14  Drone x3  
  99  7:15  Drone x2  
  104  7:16  Drone  
  104  7:19  Overlord  
  105  7:23  Hydralisk Den  
  105  7:26  Extractor, Drone x2  
  105  7:27  Extractor  
  104  7:31  Queen  
  104  7:36  Overlord  
  106  7:39  Queen  
  106  7:42  Spore Crawler  
  106  7:43  Spore Crawler  
  106  7:46  Spore Crawler  
  105  7:52  Overlord x2  
  105  7:57  Grooved Spines  
  105  8:01  Drone x2  
  105  8:02  Drone x2  
  109  8:05  Drone  
  109  8:06  Drone  
  111  8:17  Hydralisk x5  
  115  8:29  Hydralisk x5  
  125  8:34  Pneumatized Carapace  
  125  8:35  Overseer  
  125  8:46  Hydralisk x3  
  125  8:47  Hydralisk  
  133  8:54  Hydralisk x3  
  140  9:02  Drone  
  140  9:03  Spore Crawler, Zerg Ground Armor Level 1  
  140  9:04  Spore Crawler  
  140  9:08  Muscular Augments, Hydralisk x2  
  142  9:16  Hydralisk  
  142  9:22  Overlord  
  142  9:23  Overlord  
  142  9:35  Overlord  
  142  9:44  Hydralisk x8  
  142  9:45  Hydralisk  
  150  9:53  Overseer x2  
  150  9:56  Roach x5  
  160  10:12  Overlord x2  
  160  10:34  Roach x8  
  176  10:45  Hatchery  
  155  10:55  Hydralisk x12  
  137  11:03  Hydralisk x3  
  125  11:14  Hydralisk x3  
  123  11:28  Roach x8  
  131  11:41  Roach x7  
  143  11:49  Hydralisk  
  143  11:50  Hydralisk  
  147  12:00  Roach  
  147  12:01  Roach x5  
  159  12:10  Roach x4  
  159  12:13  Overlord x2  
  159  12:14  Overlord  
  163  12:16  Drone  
  163  12:17  Drone x2  
  163  12:18  Drone  
  167  12:43  Hydralisk x10  
  175  12:51  Extractor, Drone x5  
  175  12:53  Extractor  
  172  13:10  Roach x9  
  164  13:33  Roach x14  
  190  13:40  Drone x3  
  187  13:43  Roach  
  187  13:44  Roach  
  187  13:46  Overlord x3  
  187  13:50  Centrifical Hooks  
  187  14:00  Zergling x8  
  191  14:11  Zergling x2  
  191  14:12  Zergling x14  
  195  14:26  Baneling x8  
  193  14:32  Baneling x2  
  193  14:33  Baneling x6  
  193  14:36  Baneling x8  
  193  14:44  Zergling x2  
  193  14:45  Zergling x22  
  169  15:08  Hydralisk  
  169  15:09  Hydralisk x13  
  193  15:28  Roach x6  
  184  15:36  Hydralisk x6  
  174  15:46  Hydralisk x3  
  171  15:55  Hydralisk x3  
  145  16:29  Hatchery  
Tags
 
Add a new tag
Caveats
  • Supply blocks, unpowered buildings, or Contaminate may cause inaccurate times.
  • Supply counts are checked every 10 seconds.